[Event "42nd Olympiad Baku 2016 Women"]
[Site "Baku"]
[Date "2016.09.04"]
[Round "3.30"]
[White "Puuska, Heini"]
[Black "Sanchez Zambrano, Vanessa"]
[Result "1-0"]
[ECO "A48"]
[WhiteElo "1926"]
[BlackElo "1892"]
[Annotator ""]
[PlyCount "139"]
[EventDate "2016.??.??"]
[EventCountry "AZE"]
[SourceTitle "playchess.com"]
[Source "ChessBase"]
[WhiteTeam "Finland"]
[BlackTeam "Peru"]
[WhiteTeamCountry "FIN"]
[BlackTeamCountry "PER"]
[TimeControl "40/5400+30:1800+30"]

1. d4 {(00:00)} Nf6 {(00:00)} 2. Nf3 {(00:00)} g6 {
(00:23)} 3. Bf4 {(00:34)} Bg7 {(00:54)} 4. e3 {(00:
34)} O-O {(01:02)} 5. Be2 {(00:20)} c5 {(02:24)} 6. c3 {
(02:23)} d5 {(12:02)} 7. h3 {(02:47)} Nc6 {(02:50)}
8. Nbd2 {(01:26)} b6 {(07:55)} 9. O-O {(01:09)} Bb7 {
(02:30)} 10. Ne5 {(02:07)} Nd7 {(08:55)} 11. Nxc6 {
(01:07)} Bxc6 {(00:11)} 12. Nf3 {(01:17)} Qc8 {(11:
47)} 13. a4 {(02:53)} Re8 {(05:53)} 14. Bb5 {(03:57)} e5 {
(09:07)} 15. Bxc6 {(03:09)} Qxc6 {(00:31)} 16. dxe5 {
(01:10)} Nxe5 {(00:23)} 17. Nxe5 {(01:02)} Bxe5 {(
00:11)} 18. Bxe5 {(00:54)} Rxe5 {(00:11)} 19. b4 {(09:10)}
Rae8 {(07:37)} 20. b5 {(03:36)} Qd7 {(02:31)} 21. Qd3 {
(03:12)} Rg5 {(11:42)} 22. Kh2 {(05:57)} Rge5 {(04:
44)} 23. Rfd1 {(03:13)} Qe7 {(02:27)} 24. a5 {(04:22)}
bxa5 {(02:25)} 25. Kg1 {(02:11)} Qc7 {(01:08)} 26. Ra4 {
(05:51)} Rb8 {(02:19)} 27. Rda1 {(02:18)} c4 {(00:
41)} 28. Qb1 {(01:05)} d4 {(00:39)} 29. exd4 {(06:38)}
Rexb5 {(00:05)} 30. Qf1 {(01:36)} Rb2 {(00:59)} 31. Rxc4 {
(02:48)} Qf4 {(00:32)} 32. Rd1 {(04:22)} Rc2 {(00:
30)} 33. d5 {(02:15)} Qf6 {(00:29)} 34. Rc6 {(02:16)} Qe5
{(00:16)} 35. Qe1 {(10:42)} Qf5 {(00:46)} 36. Rd2 {
(07:50)} Rxd2 {(00:27)} 37. Qxd2 {(00:09)} Rb1+ {(
00:32)} 38. Kh2 {(00:03)} Qe5+ {(00:31)} 39. f4 {(00:50)}
Qe8 {(00:30)} 40. Qd4 {(00:00)} Rb7 {(00:00)} 41. Qc5 {
(07:17)} Rb8 {(17:56)} 42. c4 {(09:44)} a4 {(01:07]
} 43. Rc7 {(01:51)} a6 {(07:03)} 44. Re7 {(06:25)} Qc8 {
(02:33)} 45. Rc7 {(04:21)} Qf5 {(01:25)} 46. Qd6 {(
01:11)} Re8 {(01:34)} 47. Rd7 {(02:08)} a3 {(01:18)} 48.
Ra7 {(02:28)} Qe4 {(01:15)} 49. Rxa6 {(00:49)} Qxc4 {
(00:36)} 50. Rxa3 {(00:29)} Rc8 {(00:40)} 51. Ra7 {
(00:35)} Qc5 {(00:31)} 52. Qd7 {(00:55)} Rf8 {(00:
27)} 53. Rc7 {(00:18)} Qb4 {(00:30)} 54. Kg3 Qe4 {(00:34)}
55. Qd6 {(00:54)} Qe3+ {(00:30)} 56. Kh2 {(00:11)} h5 {
(00:31)} 57. Qe5 {(00:52)} Qd2 {(00:29)} 58. d6 {(
00:35)} h4 {(00:20)} 59. Qf6 {(00:36)} Qe1 {(00:36)} 60.
Qg5 {(00:32)} Qe6 {(00:34)} 61. Qe5 {(00:29)} Qxe5 {
(00:29)} 62. fxe5 {(00:04)} Rd8 {(00:12)} 63. g3 {(
00:59)} hxg3+ {(00:27)} 64. Kxg3 {(00:04)} Kf8 {(00:52)}
65. Kf4 {(00:15)} Ra8 {(00:30)} 66. Kg5 {(00:39)} Re8 {
(00:30)} 67. d7 {(00:53)} Rxe5+ {(00:08)} 68. Kf4 {
(00:31)} Rf5+ {(00:16)} 69. Kg4 {(00:39)} Ke7 {(00:
15)} 70. Ra7 {(00:10)} 1-0

[Event "42nd Olympiad Baku 2016 Women"]
[Site "Baku"]
[Date "2016.09.04"]
[Round "3.19"]
[White "Quevedo, Andreina"]
[Black "Khan, Nazrana"]
[Result "1/2-1/2"]
[ECO "B47"]
[WhiteElo "1699"]
[BlackElo "1965"]
[Annotator ""]
[PlyCount "101"]
[EventDate "2016.??.??"]
[EventCountry "AZE"]
[SourceTitle "playchess.com"]
[Source "ChessBase"]
[WhiteTeam "Uruguay"]
[BlackTeam "Bangladesh"]
[WhiteTeamCountry "URU"]
[BlackTeamCountry "BAN"]
[TimeControl "40/5400+30:1800+30"]

1. e4 {(00:00)} c5 {(00:00)} 2. Nf3 {(00:00)} e6 {(
00:00)} 3. d4 {(00:00)} cxd4 {(00:00)} 4. Nxd4 {(00:05)}
Nc6 {(00:11)} 5. Nc3 {(00:26)} Qc7 {(00:37)} 6. Be2 {
(02:36)} a6 {(00:16)} 7. a3 {(01:11)} Nf6 {(00:20)}
8. Be3 {(00:14)} Be7 {(01:01)} 9. O-O {(00:44)} O-O {
(00:37)} 10. f4 {(01:56)} d6 {(01:58)} 11. Qe1 {(
01:36)} Nxd4 {(02:41)} 12. Bxd4 {(00:06)} b5 {(00:05)} 13.
Qg3 {(01:20)} Bb7 {(01:19)} 14. e5 {(04:53)} dxe5 {
(05:45)} 15. Bxe5 {(00:07)} Qc5+ {(03:36)} 16. Kh1 {
(00:59)} Rad8 {(03:13)} 17. Bd3 {(05:10)} g6 {(10:
11)} 18. Rae1 {(26:20)} Nh5 {(10:47)} 19. Qg4 {(07:10)}
Ng7 {(08:52)} 20. Bxg7 {(11:12)} Kxg7 {(00:32)} 21. f5 {
(02:13)} Rd4 {(08:06)} 22. Ne4 {(08:32)} Bxe4 {(02:
19)} 23. Rxe4 {(03:19)} exf5 {(05:26)} 24. Rxf5 {(01:57)}
Rxe4 {(05:01)} 25. Bxe4 {(00:22)} Qe3 {(01:52)} 26. Bd3 {
(11:07)} Qc1+ {(04:31)} 27. Rf1 {(00:06)} Qxb2 {(
00:52)} 28. a4 {(00:27)} Bf6 {(03:46)} 29. axb5 {(01:20)}
axb5 {(00:35)} 30. Qf3 {(03:02)} b4 {(01:52)} 31. Qb7 {
(01:27)} Qc3 {(03:24)} 32. Be4 {(00:59)} Re8 {(01:
14)} 33. g3 {(02:12)} Re7 {(04:44)} 34. Qd5 {(00:06)} Qd4
{(02:48)} 35. Qxd4 {(00:34)} Bxd4 {(00:06)} 36. Bd3 {
(00:05)} Bc3 {(00:58)} 37. Kg2 {(00:50)} Rd7 {(00:
45)} 38. Rb1 {(00:54)} Kf6 {(00:55)} 39. Kf2 {(00:52)} Ke5
{(00:45)} 40. Ke3 {(00:00)} f5 {(00:00)} 41. Rf1 {(
06:12)} h5 {(08:08)} 42. h4 {(03:31)} Kf6 {(02:59)} 43.
Rf4 {(04:29)} Re7+ {(03:51)} 44. Kf2 {(00:35)} Re5 {
(01:33)} 45. Rc4 {(02:26)} Re6 {(01:16)} 46. Rc8 {(
00:44)} Kg7 {(01:10)} 47. Rc7+ {(00:21)} Kh6 {(00:20)} 48.
Bc4 {(02:44)} Rd6 {(02:01)} 49. Bd3 {(04:31)} Rf6 {
(02:10)} 50. Bc4 {(01:12)} Rd6 {(06:38)} 51. Bd3 {(
00:10)} 1/2-1/2

[Event "42nd Olympiad Baku 2016 Women"]
[Site "Baku"]
[Date "2016.09.04"]
[Round "3.17"]
[White "Ramirez, Maria Eugenia"]
[Black "Hernandez, Bera"]
[Result "1-0"]
[ECO "C48"]
[WhiteElo "2104"]
[BlackElo "1808"]
[Annotator ""]
[PlyCount "79"]
[EventDate "2016.??.??"]
[EventCountry "AZE"]
[SourceTitle "playchess.com"]
[Source "ChessBase"]
[WhiteTeam "Bolivia"]
[BlackTeam "El Salvador"]
[WhiteTeamCountry "BOL"]
[BlackTeamCountry "ESA"]
[TimeControl "40/5400+30:1800+30"]

1. e4 {(00:00)} e5 {(00:00)} 2. Nf3 {(00:00)} Nc6 {
(00:00)} 3. Nc3 {(00:00)} Nf6 {(00:20)} 4. Bb5 {(
00:00)} Nd4 {(05:02)} 5. Ba4 {(01:14)} Nxf3+ {(01:11)} 6.
Qxf3 {(00:24)} c6 {(01:32)} 7. O-O {(05:31)} Qc7 {(
11:48)} 8. Bb3 {(05:38)} d6 {(05:29)} 9. h3 {(00:33)} Be7
{(01:23)} 10. Ne2 {(01:20)} Be6 {(03:35)} 11. d4 {(
01:14)} d5 {(04:22)} 12. exd5 {(03:50)} e4 {(06:47)} 13.
Qf4 {(06:33)} Bd6 {(06:17)} 14. Qg5 {(04:26)} Nxd5 {
(02:10)} 15. c4 {(00:57)} f6 {(00:33)} 16. Qh4 {(
02:19)} Ne7 {(08:15)} 17. Qxe4 {(01:39)} Bf5 {(00:56)} 18.
Qf3 {(04:30)} Qd7 {(05:39)} 19. Nc3 {(03:57)} O-O-O {
(05:33)} 20. d5 {(02:47)} g5 {(02:59)} 21. g4 {(11:
20)} Bg6 {(01:07)} 22. Qxf6 {(08:57)} Qc7 {(03:04)} 23.
Bxg5 {(05:48)} Rdf8 {(01:55)} 24. Qe6+ {(00:23)} Kb8 {
(00:05)} 25. Rae1 {(03:49)} Nc8 {(06:13)} 26. Bf6 {
(05:59)} Rxf6 {(06:28)} 27. Qxf6 {(00:25)} Rf8 {(
00:05)} 28. Qd4 {(02:15)} b6 {(03:17)} 29. Ne4 {(02:40)}
Be5 {(03:18)} 30. d6 {(01:41)} Qg7 {(00:56)} 31. Qd2 {
(00:46)} Bf4 {(00:25)} 32. Qc3 {(02:31)} Be5 {(00:
21)} 33. Qc1 {(02:12)} Bf4 {(00:14)} 34. Qd1 {(00:20)} Qh6
{(00:28)} 35. Kg2 {(00:19)} Be5 {(02:00)} 36. d7 {(
03:04)} Nd6 {(00:37)} 37. Nxd6 {(01:52)} Qf4 {(00:09)} 38.
Rxe5 {(00:07)} Qxe5 {(00:17)} 39. Nf5 {(01:48)} Bxf5 {
(01:13)} 40. d8=Q+ {(00:00)} 1-0

[Event "42nd Olympiad Baku 2016 Women"]
[Site "Baku"]
[Date "2016.09.04"]
[Round "3.1"]
[White "Ranasinghe, S D."]
[Black "Shabanaj, Eglantina"]
[Result "0-1"]
[ECO "A06"]
[WhiteElo "1731"]
[BlackElo "1932"]
[Annotator ""]
[PlyCount "82"]
[EventDate "2016.??.??"]
[EventCountry "AZE"]
[SourceTitle "playchess.com"]
[Source "ChessBase"]
[WhiteTeam "Sri Lanka"]
[BlackTeam "Albania"]
[WhiteTeamCountry "SRI"]
[BlackTeamCountry "ALB"]
[TimeControl "40/5400+30:1800+30"]

1. Nf3 {(00:00)} d5 {(00:13)} 2. g3 {(00:00)} c6 {(
00:55)} 3. Bg2 {(00:00)} g6 {(00:44)} 4. O-O {(01:45)} Bg7
{(01:01)} 5. d3 {(05:18)} e5 {(02:55)} 6. Nbd2 {(
01:27)} Bg4 {(01:13)} 7. h3 {(01:35)} Bxf3 {(00:54)} 8.
Bxf3 {(00:16)} Ne7 {(07:07)} 9. Bg2 {(08:08)} O-O {
(01:03)} 10. Rb1 {(05:48)} Nd7 {(02:27)} 11. c4 {(
00:17)} d4 {(10:23)} 12. b4 {(02:31)} Qc7 {(05:12)} 13.
Nb3 {(07:20)} Rad8 {(06:17)} 14. a4 {(07:08)} h5 {(
04:59)} 15. e3 {(08:05)} Nb6 {(01:39)} 16. Nc5 {(00:25)}
dxe3 {(00:12)} 17. Bxe3 {(05:37)} Nxc4 {(03:15)} 18. Bg5 {
(04:14)} Nd6 {(03:32)} 19. Qb3 {(00:47)} Ndf5 {(01:
42)} 20. Rfe1 {(08:06)} Nd4 {(01:04)} 21. Qa2 {(01:05)}
Kh7 {(02:46)} 22. Ne4 {(04:06)} f6 {(02:26)} 23. Be3 {
(00:13)} b6 {(02:35)} 24. Rbc1 {(03:08)} Bh6 {(05:
00)} 25. Rc4 {(07:30)} Ndf5 {(03:48)} 26. Bxh6 {(04:53)}
Kxh6 {(00:22)} 27. Bf1 {(00:37)} Nd4 {(00:52)} 28. Qd2+ {
(01:31)} Kh7 {(00:36)} 29. Bg2 {(01:07)} Qd7 {(01:
22)} 30. Kh2 {(02:20)} Qe6 {(03:45)} 31. a5 {(03:37)} b5 {
(02:00)} 32. Nc5 {(00:23)} Qxc4 {(00:48)} 33. dxc4 {
(04:11)} Nf3+ {(00:11)} 34. Bxf3 {(00:08)} Rxd2 {(
00:04)} 35. Ne4 {(00:22)} Rd4 {(02:00)} 36. cxb5 {(01:05)}
cxb5 {(00:10)} 37. Rc1 {(00:35)} Rc8 {(03:39)} 38. Rxc8 {
(02:49)} Nxc8 {(00:09)} 39. Nxf6+ {(00:03)} Kg7 {(
00:33)} 40. Ne8+ {(00:00)} Kf8 {(00:00)} 41. Nf6 {(02:24)}
Ke7 {(02:52)} 0-1

[Event "42nd Olympiad Baku 2016 Women"]
[Site "Baku"]
[Date "2016.09.04"]
[Round "3.13"]
[White "Rapport, Jovana"]
[Black "Repkova, Eva"]
[Result "1-0"]
[ECO "D35"]
[WhiteElo "2318"]
[BlackElo "2332"]
[Annotator ""]
[PlyCount "79"]
[EventDate "2016.??.??"]
[EventCountry "AZE"]
[SourceTitle "playchess.com"]
[Source "ChessBase"]
[WhiteTeam "Serbia"]
[BlackTeam "Slovakia"]
[WhiteTeamCountry "SRB"]
[BlackTeamCountry "SVK"]
[TimeControl "40/5400+30:1800+30"]

1. c4 {(00:00)} e6 {(00:00)} 2. d4 {(00:05)} d5 {(
00:00)} 3. Nc3 {(00:05)} Nf6 {(00:00)} 4. cxd5 {(00:53)}
exd5 {(00:00)} 5. Bg5 {(00:04)} c6 {(00:03)} 6. e3 {
(00:05)} Be7 {(00:10)} 7. Bd3 {(06:18)} Nbd7 {(01:
16)} 8. Qc2 {(02:15)} h6 {(00:12)} 9. Bh4 {(01:23)} Nh5 {
(00:41)} 10. Bxe7 {(00:30)} Qxe7 {(00:08)} 11. Nf3 {
(02:06)} Nf4 {(04:36)} 12. O-O {(02:18)} Nxd3 {(01:
02)} 13. Qxd3 {(00:37)} Nf6 {(00:23)} 14. Ne5 {(00:13)}
O-O {(00:19)} 15. a3 {(10:16)} Re8 {(03:19)} 16. b4 {
(01:31)} Ne4 {(03:10)} 17. b5 {(09:59)} Qg5 {(28:
43)} 18. f4 {(04:06)} Qe7 {(03:21)} 19. bxc6 {(10:47)}
Nxc3 {(01:53)} 20. Qxc3 {(00:27)} f6 {(04:36)} 21. Ng6 {
(16:34)} Qe4 {(01:46)} 22. cxb7 {(00:29)} Bxb7 {(
00:06)} 23. f5 {(00:07)} Rac8 {(00:54)} 24. Qb4 {(05:14)}
Rc2 {(04:37)} 25. Rf3 {(01:03)} Bc8 {(02:13)} 26. Nf4 {
(06:28)} Bxf5 {(00:19)} 27. Qa5 {(00:13)} Rb2 {(29:
03)} 28. h3 {(07:58)} Kh8 {(06:06)} 29. Qxa7 {(01:22)}
Reb8 {(02:19)} 30. a4 {(03:56)} R8b7 {(01:29)} 31. Qa5 {
(02:07)} g5 {(01:59)} 32. Qd8+ {(03:13)} Kh7 {(00:
04)} 33. Rg3 {(01:06)} Rd7 {(00:58)} 34. Qf8 {(00:03)} Qe7
{(00:41)} 35. Qxe7+ {(00:29)} Rxe7 {(00:03)} 36. Nxd5 {
(00:04)} Re6 {(00:31)} 37. Rf3 {(02:51)} Bc2 {(00:
56)} 38. Nxf6+ {(00:11)} Kg6 {(00:05)} 39. Nd7 {(00:29)}
Be4 {(00:53)} 40. Nf8+ {(00:00)} 1-0

[Event "42nd Olympiad Baku 2016 Women"]
[Site "Baku"]
[Date "2016.09.04"]
[Round "3.29"]
[White "Real Pereyra, Diana Carime"]
[Black "Antonova, Nadezhda"]
[Result "1-0"]
[ECO "B33"]
[WhiteElo "2136"]
[BlackElo "2015"]
[Annotator ""]
[PlyCount "97"]
[EventDate "2016.??.??"]
[EventCountry "AZE"]
[SourceTitle "playchess.com"]
[Source "ChessBase"]
[WhiteTeam "Mexico"]
[BlackTeam "Tajikistan"]
[WhiteTeamCountry "MEX"]
[BlackTeamCountry "TJK"]
[TimeControl "40/5400+30:1800+30"]

1. e4 {(00:00)} c5 {(00:00)} 2. Nf3 {(00:00)} e6 {(
00:16)} 3. Nc3 {(00:00)} Nc6 {(01:17)} 4. d4 {(00:29)}
cxd4 {(00:33)} 5. Nxd4 {(00:03)} Nf6 {(01:03)} 6. Ndb5 {
(00:13)} d6 {(01:58)} 7. Bf4 {(00:11)} e5 {(00:35)}
8. Bg5 {(00:05)} a6 {(02:11)} 9. Na3 {(00:13)} b5 {
(00:53)} 10. Bxf6 {(00:19)} gxf6 {(01:26)} 11. Nd5 {
(00:21)} Be7 {(01:45)} 12. c3 {(03:17)} O-O {(02:
07)} 13. Bd3 {(05:00)} Be6 {(05:56)} 14. Qh5 {(01:32)} Kh8
{(03:40)} 15. Nc2 {(05:07)} Rg8 {(04:08)} 16. Nce3 {
(00:32)} Qf8 {(13:48)} 17. Qe2 {(07:45)} Bd8 {(15:
52)} 18. O-O {(03:37)} Qg7 {(03:24)} 19. f3 {(01:01)} Ne7
{(12:52)} 20. Kh1 {(00:37)} Bxd5 {(07:54)} 21. Nxd5 {
(04:56)} Nxd5 {(00:04)} 22. exd5 {(00:04)} Bb6 {(
00:02)} 23. a4 {(00:25)} bxa4 {(01:00)} 24. Rxa4 {(00:21)}
a5 {(01:33)} 25. Rh4 {(03:55)} h6 {(00:16)} 26. Rg4 {
(00:12)} Qf8 {(00:56)} 27. Qe4 {(00:42)} Rg6 {(03:
29)} 28. Rxg6 {(03:12)} fxg6 {(00:01)} 29. Qxg6 {(00:11)}
Qg7 {(00:07)} 30. Qf5 {(00:34)} Rg8 {(04:32)} 31. g3 {
(00:07)} Qf7 {(01:09)} 32. Qh3 {(11:48)} Qf8 {(03:
19)} 33. f4 {(01:52)} Qg7 {(07:05)} 34. fxe5 {(00:40)}
dxe5 {(00:06)} 35. Qf5 {(02:18)} Bd8 {(00:59)} 36. d6 {
(02:00)} Rf8 {(00:44)} 37. c4 {(01:25)} Bb6 {(00:
33)} 38. Be4 {(02:58)} Bc5 {(00:45)} 39. Ra1 {(03:44)} Bb4
{(00:31)} 40. Rd1 {(00:00)} Rd8 {(00:00)} 41. d7 {(
03:43)} Kg8 {(02:32)} 42. Rd5 {(06:59)} a4 {(11:16)} 43.
c5 {(00:42)} Ba5 {(00:22)} 44. Rd6 {(01:43)} Rf8 {(
05:20)} 45. Ra6 {(01:58)} Bc7 {(04:42)} 46. Rxa4 {(00:18)}
Rd8 {(00:09)} 47. c6 {(02:08)} Qg5 {(01:59)} 48. Qxg5+ {
(02:21)} hxg5 {(00:08)} 49. Ra7 {(00:13)} 1-0

[Event "42nd Olympiad Baku 2016 Women"]
[Site "Baku"]
[Date "2016.09.04"]
[Round "3.17"]
[White "Richards, Heather S"]
[Black "Diaz, Maria M A"]
[Result "1-0"]
[ECO "C10"]
[WhiteElo "2199"]
[BlackElo "1928"]
[Annotator ""]
[PlyCount "81"]
[EventDate "2016.??.??"]
[EventCountry "AZE"]
[SourceTitle "playchess.com"]
[Source "ChessBase"]
[WhiteTeam "AUS"]
[BlackTeam "ARU"]
[WhiteTeamCountry "AUS"]
[TimeControl "40/5400+30:1800+30"]

1. e4 {(00:00)} e6 {(00:00)} 2. d4 {(00:00)} d5 {(
00:00)} 3. Nc3 {(00:00)} dxe4 {(00:05)} 4. Nxe4 {(00:00)}
Nf6 {(00:03)} 5. Nxf6+ {(00:20)} Qxf6 {(00:06)} 6. Nf3 {
(00:06)} h6 {(00:07)} 7. Be3 {(00:10)} b6 {(03:53)}
8. Qd2 {(04:29)} Bb7 {(01:16)} 9. Ne5 {(03:15)} Bd6 {
(01:03)} 10. O-O-O {(02:05)} O-O {(00:35)} 11. Ng4 {
(11:37)} Qh4 {(12:00)} 12. f3 {(24:08)} Nd7 {(07:
39)} 13. Bc4 {(00:31)} c6 {(05:02)} 14. Rhe1 {(02:34)}
Rfe8 {(02:15)} 15. g3 {(03:10)} Qh5 {(09:12)} 16. Kb1 {
(08:03)} Bf8 {(03:09)} 17. Bf4 {(01:36)} b5 {(01:
18)} 18. Bd3 {(01:21)} a6 {(09:23)} 19. Ne5 {(06:13)} Nxe5
{(01:38)} 20. Rxe5 {(00:39)} Qxf3 {(06:58)} 21. Rf1 {
(01:23)} Qg4 {(00:20)} 22. Qg2 {(00:34)} f5 {(01:
33)} 23. Rfe1 {(06:45)} Bd6 {(07:44)} 24. Bxf5 {(01:18)}
exf5 {(05:01)} 25. Rxe8+ {(00:05)} Rxe8 {(00:10)} 26.
Rxe8+ {(00:05)} Kf7 {(00:25)} 27. Qe2 {(00:24)} Qxe2 {
(02:22)} 28. Rxe2 {(00:05)} Bxf4 {(00:03)} 29. gxf4 {
(00:04)} g5 {(00:11)} 30. Kc1 {(01:49)} Kf6 {(00:
01)} 31. Kd2 {(00:20)} Kf7 {(09:56)} 32. Re5 {(02:30)} Bc8
{(00:44)} 33. Ke3 {(00:20)} Be6 {(00:27)} 34. b3 {(
00:27)} Kf6 {(01:29)} 35. Rc5 {(00:07)} Bd5 {(06:41)} 36.
c4 {(00:14)} Be4 {(01:47)} 37. Re5 {(00:40)} Bb1 {(
02:07)} 38. d5 {(00:31)} cxd5 {(01:44)} 39. cxd5 {(00:28)}
Be4 {(00:16)} 40. d6 {(00:00)} Bc6 {(00:00)} 41. Re7 1-0

[Event "42nd Olympiad Baku 2016 Women"]
[Site "Baku"]
[Date "2016.09.04"]
[Round "3.24"]
[White "Rivera, Ingris"]
[Black "Navrotescu, Andreea-Cristiana"]
[Result "0-1"]
[ECO "D80"]
[WhiteElo "2201"]
[BlackElo "2235"]
[Annotator ""]
[PlyCount "119"]
[EventDate "2016.??.??"]
[EventCountry "AZE"]
[SourceTitle "playchess.com"]
[Source "ChessBase"]
[WhiteTeam "Colombia"]
[BlackTeam "France"]
[WhiteTeamCountry "COL"]
[BlackTeamCountry "FRA"]
[TimeControl "40/5400+30:1800+30"]

1. d4 {(00:00)} Nf6 {(00:00)} 2. c4 {(00:00)} g6 {(
00:00)} 3. Nc3 {(00:10)} d5 {(00:00)} 4. e3 {(00:21)} Bg7
{(00:36)} 5. cxd5 {(00:19)} Nxd5 {(00:14)} 6. Nxd5 {
(00:33)} Qxd5 {(00:08)} 7. Ne2 {(00:19)} O-O {(07:
24)} 8. Nc3 {(00:28)} Qd8 {(00:41)} 9. Be2 {(01:19)} c6 {
(08:01)} 10. f4 {(00:27)} Na6 {(06:20)} 11. O-O {(
01:11)} Nc7 {(01:16)} 12. Kh1 {(01:29)} Be6 {(08:54)} 13.
Qc2 {(04:59)} f5 {(13:44)} 14. Rd1 {(00:47)} Bd5 {(
01:01)} 15. Bf3 {(03:07)} e6 {(07:36)} 16. Na4 {(03:26)}
b6 {(04:32)} 17. Nc3 {(05:42)} Qd7 {(04:05)} 18. b4 {
(08:44)} Rac8 {(02:25)} 19. Be2 {(01:24)} Ne8 {(00:
54)} 20. a4 {(04:23)} Nd6 {(00:46)} 21. Bd3 {(06:41)} c5 {
(06:21)} 22. dxc5 {(05:17)} bxc5 {(00:12)} 23. b5 {
(00:24)} c4 {(01:55)} 24. Bf1 {(00:33)} Bxc3 {(07:
40)} 25. Qxc3 {(00:17)} Ne4 {(00:03)} 26. Qc2 {(02:19)}
Qb7 {(01:58)} 27. Ba3 {(00:49)} Rfd8 {(00:16)} 28. Rd4 {
(02:37)} c3 {(03:47)} 29. Bc1 {(01:40)} Qe7 {(03:
03)} 30. Kg1 {(02:45)} g5 {(00:53)} 31. a5 {(04:34)} Qg7 {
(03:04)} 32. Rb4 {(08:13)} gxf4 33. exf4 {(00:09)} Nd2 {
(02:38)} 34. b6 {(10:00)} Be4 {(00:34)} 35. Qa2 {(
04:50)} Bd5 {(00:33)} 36. Qc2 {(00:31)} Be4 {(00:01)} 37.
Qa2 {(00:19)} Nxf1 {(00:22)} 38. Qxe6+ {(04:21)} Kh8 {
(00:03)} 39. Rxe4 {(00:21)} fxe4 {(00:26)} 40. Kxf1 {
(00:00)} Rd1+ {(00:00)} 41. Kf2 {(07:41)} Qd4+ {(
03:27)} 42. Kg3 {(00:30)} Rd3+ {(06:05)} 43. Kg4 {(05:29)}
Rg8+ {(10:06)} 44. Kh5 {(05:33)} Qg7 {(06:28)} 45. Ba3 {
(06:13)} Qxg2 {(05:35)} 46. Qe5+ {(03:23)} Qg7 {(
00:02)} 47. Kh4 {(00:33)} Qxe5 {(04:34)} 48. fxe5 {(00:06]
} axb6 {(00:41)} 49. Be7 {(02:11)} Kg7 {(02:47)} 50. axb6
{(01:45)} Rb8 {(00:30)} 51. Kg5 {(07:23)} Kf7 {(00:
56)} 52. Bc5 {(03:47)} Ke6 {(00:12)} 53. Kf4 {(01:06)} Kd5
{(00:30)} 54. Ra5 {(04:28)} Rf3+ {(00:04)} 55. Kg4 {
(00:16)} Kxe5 {(00:51)} 56. Be3+ {(01:12)} Ke6 {(
00:13)} 57. Bd4 {(00:05)} Rg8+ {(01:14)} 58. Kh4 {(00:12)}
Rf4+ {(00:09)} 59. Kh3 {(00:10)} Rf5 {(00:10)} 60. Rxf5
0-1

[Event "42nd Olympiad Baku 2016 Women"]
[Site "Baku"]
[Date "2016.09.04"]
[Round "3.10"]
[White "Rogule, Laura"]
[Black "Pourkashiyan, Atousa"]
[Result "1-0"]
[ECO "E11"]
[WhiteElo "2306"]
[BlackElo "2335"]
[Annotator ""]
[PlyCount "81"]
[EventDate "2016.??.??"]
[EventCountry "AZE"]
[SourceTitle "playchess.com"]
[Source "ChessBase"]
[WhiteTeam "Latvia"]
[BlackTeam "Iran"]
[WhiteTeamCountry "LAT"]
[BlackTeamCountry "IRI"]
[TimeControl "40/5400+30:1800+30"]

1. d4 {(00:00)} Nf6 {(00:00)} 2. c4 {(00:00)} e6 {(
00:00)} 3. Nf3 {(00:00)} Bb4+ {(00:00)} 4. Nbd2 {(07:00)}
O-O {(01:15)} 5. a3 {(03:08)} Be7 {(00:11)} 6. e4 {
(03:46)} d5 {(00:07)} 7. e5 {(01:35)} Nfd7 {(00:08]
} 8. c5 {(03:38)} f6 {(06:41)} 9. Bd3 {(13:03)} Nc6 {
(13:49)} 10. h4 {(13:44)} fxe5 {(11:35)} 11. dxe5 {
(09:22)} Ncxe5 {(05:13)} 12. Bb1 {(04:00)} Qe8 {(
10:54)} 13. Ng5 {(04:31)} Nf6 {(16:44)} 14. b4 {(07:00)}
Neg4 {(11:48)} 15. Qe2 {(06:36)} e5 {(00:41)} 16. f3 {
(02:30)} Nh6 {(02:02)} 17. Bb2 {(01:23)} e4 {(03:
11)} 18. fxe4 {(01:24)} Bg4 {(00:11)} 19. Qd3 {(03:00)}
dxe4 {(00:47)} 20. Qb3+ {(05:57)} Kh8 {(00:03)} 21. O-O {
(00:54)} Qh5 {(03:13)} 22. g3 {(00:30)} Nf5 {(06:
13)} 23. Bxe4 {(03:25)} Nxe4 {(03:42)} 24. Ndxe4 {(01:16)}
Bxg5 {(01:14)} 25. Nxg5 {(00:05)} Be2 {(01:35)} 26. Rf2 {
(03:37)} Bb5 {(00:56)} 27. Re1 {(01:19)} Qg4 {(00:
40)} 28. Kh2 {(00:43)} h6 {(00:29)} 29. Ne6 {(00:26)} Bc4
{(00:10)} 30. Qc3 {(00:30)} Bxe6 {(00:52)} 31. Rxe6 {
(00:03)} Kg8 {(00:32)} 32. Rf4 {(00:26)} Qxg3+ {(
00:32)} 33. Qxg3 {(00:04)} Nxg3 {(00:03)} 34. Kxg3 {(00:
16)} Rxf4 {(00:05)} 35. Kxf4 {(00:05)} Rf8+ {(00:04)} 36.
Ke3 {(00:36)} Rf7 {(00:05)} 37. c6 {(00:40)} b5 {(
01:20)} 38. Re8+ {(00:24)} Kh7 {(00:02)} 39. Be5 {(00:28)}
Kg6 {(00:06)} 40. Rc8 {(00:00)} Re7 {(00:00)} 41. Ke4 {
(02:25)} 1-0